 Dungeon Crawl Stone Soup version 0.20.1-1-g8b1a95d (webtiles) character file.

3659 Nattfarinn the Stinger (level 10, -16/74 HPs)
             Began as a Merfolk Venom Mage on Aug 1, 2017.
             Was a Follower of Vehumet.
             Demolished by a two-headed ogre
             ... wielding a +0 giant spiked club
              (18 damage)
             ... on level 8 of the Dungeon.
             The game lasted 00:38:42 (10047 turns).

Nattfarinn the Stinger (Merfolk Venom Mage)        Turns: 10047, Time: 00:38:44

Health: -16/74     AC:  5    Str: 12    XL:     10   Next: 12%
Magic:  7/19       EV: 16    Int: 17    God:    Vehumet [*.....]
Gold:   481        SH:  0    Dex: 15    Spells: 17/21 levels left

rFire    . . .     SeeInvis .   q - +0 hunting sling
rCold    . . .     Gourm    .   (no shield)
rNeg     . . .     Faith    .   a - +0 robe
rPois    .         Spirit   .   (no helmet)
rElec    .         Reflect  .   (no cloak)
rCorr    .         Harm     .   (no gloves)
MR       .....                  H - +2 pair of boots {Fly}
Stlth    ++........             l - amulet of rage
Regen    0.3/turn               h - +3 ring of strength
MPRegen  0.2/turn               z - ring of flight

@: flying, very slightly contaminated
A: change form in water, swift swim, stealthy swim
a: Renounce Religion, Evoke Berserk Rage, Stop Flying


You were on level 8 of the Dungeon.
You worshipped Vehumet.
Vehumet was aware of your devotion.
You were not hungry.

You visited 1 branch of the dungeon, and saw 8 of its levels.

You collected 481 gold pieces.

Inventory:

Hand Weapons
 e - a +0 dagger
 q - a +0 hunting sling (weapon)
Missiles
 j - 207 stones (quivered)
Armour
 a - a +0 robe (worn)
 D - a +0 shield
 H - a +2 pair of boots of flying (worn)
Jewellery
 h - a +3 ring of strength (left hand)
 l - an amulet of rage (around neck)
 z - a ring of flight (right hand)
Scrolls
 k - a scroll of magic mapping
 p - a scroll of blinking {unknown}
 r - 3 scrolls of remove curse
 u - a scroll of fog {unknown}
 v - 2 scrolls of amnesia
 x - a scroll of recharging {unknown}
 y - a scroll of noise {unknown}
 C - 2 scrolls of random uselessness {unknown}
 G - 2 scrolls of vulnerability {unknown}
 I - 2 scrolls of identify
 L - a scroll of immolation {unknown}
Potions
 f - 2 potions of flight {unknown}
 g - a potion of haste {unknown}
 i - a potion of resistance {unknown}
 n - 3 potions of might
 o - 3 potions of lignification
 t - a potion of berserk rage {unknown}
 w - a potion of heal wounds {unknown}
 A - 2 potions of agility {unknown}
 E - 2 potions of mutation {unknown}
 F - a potion of invisibility {unknown}
Books
 b - a Young Poisoner's Handbook

   Spells                             Type                      Level
   a - Sting                          Conjuration/Poison           1
   b - Poisonous Vapours              Poison/Air                   2
   c - Mephitic Cloud                 Conjuration/Poison/Air       3
   d - Olgreb's Toxic Radiance        Poison                       4
   e - Venom Bolt                     Conjuration/Poison           5
 m - a book of Cantrips

   Spells                             Type                      Level
   a - Confusing Touch                Hexes                        1
   b - Animate Skeleton               Necromancy                   1
   c - Summon Small Mammal            Summoning                    1
   d - Apportation                    Translocation                1
Comestibles
 c - 8 bread rations
 d - 3 fruits
 s - 4 royal jellies
 B - 4 chunks of flesh
 K - 2 meat rations


   Skills:
 * Level 5.5 Fighting
 - Level 6.1 Slings
 + Level 6.7 Dodging
 - Level 2.1 Stealth
 + Level 6.0 Spellcasting
 * Level 1.8 Conjurations
 + Level 2.4 Air Magic
 + Level 0.7 Earth Magic
 * Level 7.7 Poison Magic


You had 17 spell levels left.
You knew the following spells:

 Your Spells              Type           Power        Failure   Level  Hunger
a - Sting                 Conj/Pois      ###.         1%          1    None
b - Poisonous Vapours     Pois/Air       ###...       2%          2    None
c - Sandblast             Erth           #.....       10%         1    None


Dungeon Overview and Level Annotations

Branches:
Dungeon (8/15)             Temple (0/1) D:5
   Lair: D:8-11

Altars:
Cheibriados
Dithmenos
Fedhas
Hepliaklqana
Makhleb
Nemelex Xobeh
Okawaru
Qazlal
Vehumet
Xom


Message History

Press: ? - help, Dir - move target cursor, f/p - two-headed ogre
Aim: a two-headed ogre, wielding a giant spiked club and a giant club (heavily wounded, poisoned) Poisonous vapours surround the two-headed ogre!
The two-headed ogre is engulfed in poison gas.
The two-headed ogre looks as sick as possible!
The two-headed ogre misses you.
The two-headed ogre hits you with a giant club.
Casting: Poisonous Vapours
Confirm with . or Enter, or press ? or * to list all spells.
Aiming: Poisonous Vapours
Press: ? - help, Dir - move target cursor, f/p - two-headed ogre
Aim: a two-headed ogre, wielding a giant spiked club and a giant club (heavily wounded, poisoned)
You miscast Poisonous Vapours.
You are very lightly contaminated with residual magic.
Your hair stands on end.
The two-headed ogre hits you with a giant spiked club!!!
Ouch! That really hurt!
* * * LOW HITPOINT WARNING * * *
The two-headed ogre hits you with a giant club!!
You die...

#...#.### ####.####
#....####.......#
#####.##...##.#####.#
#.....#..#.##.# #.#
#.....#..#.#..# #.#
#........#.#..# #.#
#.....##.#.#..#####.#
#.....##.#.#........#
#.....#....).O@..####
#.....#...>#####.#
########.#.## #.#
#..........# #.#
#.#.###.#..# #.# ..
#.#..####.# #.
#......##.#
#.#######..#.##.#
...............#


You could see a two-headed ogre.

Vanquished Creatures
  Prince Ribbit (D:6)
  A dream sheep (D:7)
  4 hogs (D:7)
  A human (D:7)
  3 black bears
  A phantom (D:7)
  A sky beast (D:5)
  2 orc warriors
  4 ogres
  2 centaurs
  A gnoll sergeant (D:6)
  3 bullfrogs
  A scorpion (D:7)
  3 howler monkeys
  5 crimson imps
  3 centaur zombies
  5 jellies
  3 hounds
  2 orc priests (D:7)
  2 orc wizards
  A bullfrog skeleton (D:5)
  3 iguanas
  7 worker ants
  A hound zombie (D:5)
  6 gnolls
  A howler monkey skeleton (D:7)
  14 adders
  A shadow imp (D:7)
  An adder skeleton (D:7)
  2 worms
  4 dart slugs
  5 leopard geckos
  9 orcs
  A ball python (D:3)
  5 giant cockroaches
  6 goblins
  11 hobgoblins
  3 jackals (D:1)
  11 kobolds
  A quokka (D:6)
  8 bats
  2 frilled lizards
  A quokka skeleton (D:5)
  9 rats
161 creatures vanquished.

Vanquished Creatures (others)
  4 dream sheep (D:7)
  3 plants (D:8)
7 creatures vanquished.

Grand Total: 168 creatures vanquished

Notes
Turn   | Place    | Note
-------+----------+-------------------------------------------
     0 | D:1      | Nattfarinn the Merfolk Venom Mage began the quest for the Orb.
     0 | D:1      | Reached XP level 1. HP: 13/13 MP: 3/3
   258 | D:1      | Reached XP level 2. HP: 20/20 MP: 3/5
   772 | D:1      | Reached skill level 4 in Poison Magic
   793 | D:1      | Reached XP level 3. HP: 24/25 MP: 2/6
  1516 | D:2      | Found a snail-covered altar of Cheibriados.
  1668 | D:2      | Found a blossoming altar of Fedhas.
  1746 | D:2      | Reached XP level 4. HP: 18/31 MP: 1/7
  1875 | D:2      | Reached skill level 1 in Conjurations
  2111 | D:3      | Reached skill level 1 in Fighting
  2413 | D:3      | Reached XP level 5. HP: 37/37 MP: 7/9
  2428 | D:3      | Reached skill level 1 in Slings
  2809 | D:3      | Noticed a centaur
  2821 | D:3      | Killed a centaur
  2821 | D:3      | Reached XP level 6. HP: 23/44 MP: 2/10
  3436 | D:4      | Found a stormy altar of Qazlal.
  3678 | D:4      | Found a sparkling altar of Nemelex Xobeh.
  3777 | D:4      | Reached skill level 5 in Poison Magic
  3940 | D:4      | Found an iron altar of Okawaru.
  3991 | D:5      | Entered Level 5 of the Dungeon
  4083 | D:5      | Reached XP level 7. HP: 46/51 MP: 7/12
  4582 | D:5      | Found a shadowy altar of Dithmenos.
  4632 | D:5      | Found a radiant altar of Vehumet.
  4632 | D:5      | Found a burning altar of Makhleb.
  4644 | D:5      | Became a worshipper of Vehumet
  4648 | D:5      | Learned a level 2 spell: Poisonous Vapours
  5013 | D:5      | Found a staircase to the Ecumenical Temple.
  5308 | D:5      | Reached XP level 8. HP: 44/58 MP: 1/13
  5551 | D:6      | Found a hazy altar of Hepliaklqana.
  5551 | D:6      | Noticed Prince Ribbit
  5566 | D:6      | Killed Prince Ribbit
  5772 | D:6      | Reached skill level 6 in Poison Magic
  5892 | D:6      | Reached skill level 5 in Dodging
  6143 | D:6      | Reached skill level 1 in Air Magic
  6544 | D:6      | Reached * piety under Vehumet
  6544 | D:6      | Offered knowledge of Sandblast by Vehumet.
  6551 | D:6      | Reached XP level 9. HP: 25/66 MP: 6/15
  6554 | D:6      | Learned a level 1 spell: Sandblast
  7397 | D:5      | Reached skill level 5 in Slings
  7853 | D:7      | Reached skill level 7 in Poison Magic
  7928 | D:7      | Reached skill level 5 in Spellcasting
  7998 | D:7      | Found a shimmering altar of Xom.
  8219 | D:7      | Reached skill level 5 in Fighting
  8892 | D:7      | Reached XP level 10. HP: 27/74 MP: 2/18
  8907 | D:7      | HP: 2/74 [hog (7)]
 10031 | D:8      | Noticed a two-headed ogre
 10047 | D:8      | HP: 2/74 [two-headed ogre/giant spiked club (37)]
 10047 | D:8      | Demolished by a two-headed ogre

Skill      XL: |  1  2  3  4  5  6  7  8  9 10 |
---------------+-------------------------------+-----
Poison Magic   | 4 5 6 7 |  7.7
Dodging        | 3 4 5 6 |  6.7
Conjurations   | 1 |  1.8
Fighting       | 1 2 3 4 5 |  5.5
Slings         | 2 3 4 5 6 |  6.1
Spellcasting   | 3 4 5 6 |  6.0
Air Magic      | 1 2 |  2.4
Stealth        | |  2.1
Earth Magic    | |  0.7

Action                   |  1- 3 |  4- 6 |  7- 9 | 10-12 || total
-------------------------+-------+-------+-------+-------++-------
Melee: Dagger            |    62 |       |       |       ||    62
       Unarmed           |     3 |       |       |       ||     3
 Fire: Hunting sling     |    13 |    56 |   436 |    53 ||   558
 Cast: Sting             |    66 |    90 |    51 |       ||   207
       Poisonous Vapours |       |       |   136 |    12 ||   148
       Sandblast         |       |       |    31 |    29 ||    60
  Use: Potion            |       |     1 |     1 |     4 ||     6
       Scroll            |       |       |     6 |     1 ||     7
  Eat: Chunk             |     3 |     7 |    15 |     2 ||    27
       Fruit             |       |     1 |     3 |     2 ||     6
Armor: Robe              |    24 |     5 |    64 |     6 ||    99
       Skin              |       |       |       |     4 ||     4
Dodge: Dodged            |    80 |    51 |   279 |    37 ||   447
